 Dungeon Crawl Stone Soup version 0.29-a0-362-g5854e031c7 (webtiles) character file.

Game seed: 3668889656618327179

35 spaghetti the Covert (level 3, 0/28 HPs)
             Began as a Gnoll Wanderer on Apr 30, 2022.
             Slain by an adder (1 damage)
             ... on level 4 of the Dungeon.
             The game lasted 00:03:36 (1191 turns).

spaghetti the Covert (Gnoll Wanderer)               Turns: 1191, Time: 00:03:37

Health: 0/28       AC:  7    Str: 14 (16) XL:     3   Next: 33%
Magic:  2/4        EV: 11    Int: 10 (12) God:
Gold:   35         SH:  0    Dex:  8 (9)  Spells: 2/3 levels left

rFire   . . .      SeeInvis .   a - +0 dagger {short}
rCold   . . .      Faith    .   (no shield)
rNeg    . . .      Spirit   .   h - +0 leather armour
rPois   .          Reflect  .   (no helmet)
rElec   .          Harm     .   (no cloak)
rCorr   .          Rampage  .   (no gloves)
Will    .....                   (no boots)
Stlth   ++++......              (no amulet)
HPRegen 0.09/turn               (no ring)
MPRegen 0.09/turn               (no ring)

@: brilliant, weak-willed, attractive
A: fangs 1, strong nose, distributed training, iridescent scales 2, strong 1
a: no special abilities


You were on level 4 of the Dungeon.
You visited 1 branch of the dungeon, and saw 3 of its levels.

You collected 35 gold pieces.


Innate Abilities, Weirdness & Mutations

You have very sharp teeth.
Your uncanny sense of smell can sniff out nearby items.
Your experience applies equally to all skills.
You are mostly covered in iridescent scales. (AC +4)
Your muscles are strong. (Str +2)


   Skills:
 + Level 2.6 Fighting
 + Level 0.7 Short Blades
 + Level 0.7 Long Blades
 + Level 0.7 Axes
 + Level 0.7 Maces & Flails
 + Level 0.7 Polearms
 + Level 0.7 Staves
 + Level 0.7 Slings
 + Level 4.5 Bows
 + Level 0.7 Crossbows
 + Level 4.5 Throwing
 + Level 0.7 Armour
 + Level 0.7 Dodging
 + Level 9.5 Stealth
 + Level 0.7 Shields
 + Level 0.7 Unarmed Combat
 + Level 0.7 Spellcasting
 + Level 0.5 Conjurations
 + Level 0.5 Hexes
 + Level 0.5 Summonings
 + Level 0.5 Necromancy
 + Level 0.5 Translocations
 + Level 0.5 Transmutations
 + Level 0.5 Fire Magic
 + Level 0.5 Ice Magic
 + Level 0.5 Air Magic
 + Level 0.5 Earth Magic
 + Level 0.5 Poison Magic
 + Level 0.9 Invocations
 + Level 0.7 Evocations


You had 2 spell levels left.
You knew the following spells:

 Your Spells              Type           Power      Damage    Failure   Level
a - Summon Small Mammal   Summ           8%         N/A       36%         1

Your spell library contained the following spells:

 Spells                   Type           Power      Damage    Failure   Level
 Call Canine Familiar     Summ           2%         N/A       73%         3
 Summon Guardian Golem    Hex/Summ       2%         N/A       73%         3

Inventory:

Hand Weapons
 a - a +0 dagger (weapon) {short}
 b - a +0 shortbow {bow}
 f - a +0 dagger {short}
Missiles
 c - 2 datura-tipped darts {throwing}
 e - 10 poisoned darts {throwing}
 g - 34 stones {throwing}
Armour
 h - a +0 leather armour (worn)
Magical Staves
 j - a staff of poison {!astaff}
   (You found it on level 1 of the Dungeon)
Scrolls
 k - a scroll of teleportation {@r4}
 l - a scroll of identify {@r1}

Dungeon Overview and Level Annotations

Branches:
Dungeon (2/15)

Altars:

### ∆ ... #.#
#.# # #.#
#.##.######.###
#....(r........
####S######.##.
#@# #.# ...
##.## #.# #.#
#.# #.#


You could see an adder (very poisoned, weak-willed).


Message History

You take 1 damage, and now have 7/28 hp.
You aren't carrying any items that you can evoke.
Unknown command.
Okay, then.
You are brilliant.
You are seriously poisoned (7 -> 2).
You attract monsters toward you.
Your movement speed is average.
Your attack delay is about 0.9.
Your base attributes are Str 14, Int 12, Dex 9.
Okay, then.
Unknown command.
Unknown command.
Throw: 2 darts (atropa) {throwing}
Press: ? - help, Shift-Dir - straight line, f/p - adder
Aim: an adder (blue smoke, ally target, 38% to hit, chance to blind on hit: 100%)
You throw an atropa-tipped dart {throwing}.
The atropa-tipped dart {throwing} barely misses the adder.
You feel sick. The adder closely misses you. 😱 HP[-1]
You take 1 damage, and now have 6/28 hp.
Throw: dart (atropa) {throwing}
Press: ? - help, Shift-Dir - straight line, f/p - adder
Aim: an adder (ally target, 38% to hit, chance to blind on hit: 100%)
You throw an atropa-tipped dart {throwing}.
The atropa-tipped dart {throwing} barely misses the adder.
You feel sick.
Your rat completely misses the adder.
The adder bites you but does no damage. 😱 HP[-1]
You take 1 damage, and now have 5/28 hp.
No previous command to re-do.
You are brilliant.
You are quite poisoned (5 -> 2).
You attract monsters toward you.
Your movement speed is average.
Your attack delay is about 0.9.
Your base attributes are Str 14, Int 12, Dex 9.
Throw: 11 darts (poison) {throwing}
Press: ? - help, Shift-Dir - straight line, f/p - adder
Aim: an adder (ally target, 38% to hit)
You throw a poisoned dart {throwing}.
The poisoned dart {throwing} hits the adder!
The adder is poisoned.
You feel sick.
Your rat bites the adder but does no damage.
The adder bites you.
* * * LOW HITPOINT WARNING * * *
😱 HP[-2]
You take 2 damage, and now have 3/28 hp.
You are brilliant.
You are seriously poisoned (3 -> 1).
You attract monsters toward you.
Your movement speed is average.
Your attack delay is about 0.9.
Your base attributes are Str 14, Int 12, Dex 9.
You aren't carrying any items that you can evoke.
Unknown command.
Okay, then.
You aren't carrying any potions.
As you read the scroll labelled BINGIE UZXE, it crumbles to dust.
It is a scroll of identify.
k - a scroll of teleportation
* * * LOW HITPOINT WARNING * * *
You feel sick. The adder completely misses you.
Your rat completely misses the adder. 😱 HP[-1]
You take 1 damage, and now have 2/28 hp.
You are brilliant.
You are quite poisoned (2 -> 1).
You attract monsters toward you.
Your movement speed is average.
Your attack delay is about 0.9.
Your base attributes are Str 14, Int 12, Dex 9.
Okay, then.
As you read the scroll labelled LERAUM YFITRU, it crumbles to dust.
Magic quickly surges around you.
It was a scroll of vulnerability.
* * * LOW HITPOINT WARNING * * *
You feel sick.
You are no longer poisoned.
The adder closely misses you.
Your rat bites the adder. 😱 HP[-1]
You take 1 damage, and now have 1/28 hp.
You are brilliant.
You are weak-willed.
You attract monsters toward you.
Your movement speed is average.
Your attack delay is about 0.9.
Your base attributes are Str 14, Int 12, Dex 9.
Okay, then.
Press: ? - help, v - describe, . - travel, g - get item
Here: an adder (heavily wounded, not watching you, very poisoned, weak-willed, ally target)
Items here: a poisoned dart {throwing}; 2 atropa-tipped darts {throwing}.
The floor, spattered with blood.
Unknown command.
The adder bites something. 😱 MP[+1]
You aren't carrying any potions.
Unknown command.
Okay, then.
Throw: 10 darts (poison) {throwing}
Press: ? - help, Shift-Dir - straight line, f/p - adder
Aim: an adder (severely wounded, very poisoned, weak-willed, 38% to hit)
Okay, then.
Okay, then.
You aren't carrying any potions.
As you read the scroll labelled CEZIWA VOPUSUSM, it crumbles to dust.
It is a scroll of amnesia.
Really abort (and waste the scroll)?
Okay, then.
The adder bites you.
You die...

Skill      XL: | |
---------------+-+-----
Stealth        | |  9.5
Fighting       | |  2.6
Short Blades   | |  0.7
Long Blades    | |  0.7
Axes           | |  0.7
Maces & Flails | |  0.7
Polearms       | |  0.7
Staves         | |  0.7
Slings         | |  0.7
Bows           | |  4.5
Crossbows      | |  0.7
Throwing       | |  4.5
Armour         | |  0.7
Dodging        | |  0.7
Shields        | |  0.7
Unarmed Combat | |  0.7
Spellcasting   | |  0.7
Conjurations   | |  0.5
Hexes          | |  0.5
Summonings     | |  0.5
Necromancy     | |  0.5
Translocations | |  0.5
Transmutations | |  0.5
Fire Magic     | |  0.5
Ice Magic      | |  0.5
Air Magic      | |  0.5
Earth Magic    | |  0.5
Poison Magic   | |  0.5
Invocations    | |  0.9
Evocations     | |  0.7

Action                   || total
-------------------------++-------
Melee: Dagger            ||    26
       Bite              ||     2
 Fire: Shortbow          ||    65
Throw: Dart              ||     3
 Cast: Summon Small Mamm ||     3
  Use: Scroll            ||     4
       Potion            ||     5
Armor: Leather armour    ||    20
Dodge: Dodged            ||    29

Levels and vault maps discovered:
D:1:      lightli_arrival_statue_moat, layout_basic, minmay_misc_feat_x
D:2:      layout_basic, cheibrodos_gnoll_hut, uniq_natasha
D:4:      layout_loops_ring, nicolae_overflow_hidden_temple,
          palyth_stone_intersect, serial_bayou_crossing

Notes
Turn   | Place    | Note
-------+----------+-------------------------------------------
     0 | D:1      | Reached skill level 9 in Stealth
     0 | D:1      | spaghetti the Gnoll Wanderer began the quest for the Orb.
     0 | D:1      | spaghetti set off with the following items: a +0 dagger
                  | {short}, 2 atropa-tipped darts {throwing}, 2 datura-tipped
                  | darts {throwing}, a +0 shortbow {bow}, 11 poisoned darts
                  | {throwing}, a +0 dagger {short}, a scroll of fear, a +0
                  | leather armour
     0 | D:1      | Reached XP level 1. HP: 17/17 MP: 1/1
     0 | D:1      | magus.rc [v1.9.6]
    56 | D:1      | HP: 3/17 [hobgoblin (2)]
   351 | D:1      | Reached XP level 2. HP: 23/23 MP: 2/2
   371 | D:1      | You pick up a book of Callings and begin reading...
   371 | D:1      | You add the spells Summon Small Mammal, Call Canine
                  | Familiar and Summon Guardian Golem to your library.
   414 | D:1      | Learned a level 1 spell: Summon Small Mammal
   581 | D:1      | Reached XP level 3. HP: 28/28 MP: 3/3
  1157 | D:2      | You fall into a shaft and drop 2 floors!
  1167 | D:4      | Gained mutation: You are partially covered in iridescent
                  | scales. (AC +2) [potion of mutation]
  1167 | D:4      | Gained mutation: Your muscles are strong. (Str +2) [potion
                  | of mutation]
  1167 | D:4      | Gained mutation: You are mostly covered in iridescent
                  | scales. (AC +4) [potion of mutation]
  1184 | D:4      | HP: 7/28 [poisoned by an adder]
  1187 | D:4      | HP: 3/28 [adder (1)]
  1189 | D:4      | HP: 1/28 [poisoned by an adder]
  1191 | D:4      | Slain by an adder

Vanquished Creatures
  3 dart slugs (D:1)
  6 endoplasms
  2 hobgoblins (D:1)
  5 ball pythons (D:1)
  2 frilled lizards (D:1)
  6 kobolds (D:1)
  2 rats (D:1)
26 creatures vanquished.

Vanquished Creatures (collateral kills)
  A kobold (D:4)
1 creature vanquished.

Grand Total: 27 creatures vanquished

Table legend:
 A = Non-vault XP
 B = Vault XP
 C = Vault XP percentage of total XP
 D = Non-vault monster count
 E = Vault monster count
 F = Vault count percentage of total count
                 A         B        C        D         E       F
            +---------+---------+-------+---------+---------+-------
      Total |      50 |       0 |   0.0 |      27 |       0 |   0.0
            +---------+---------+-------+---------+---------+-------
        D:1 |      47 |       0 |   0.0 |      25 |       0 |   0.0
        D:2 |       2 |       0 |   0.0 |       1 |       0 |   0.0
        D:4 |       1 |       0 |   0.0 |       1 |       0 |   0.0
            +---------+---------+-------+---------+---------+-------

Illustrated notes

Table legend:
 A = Kills in this place as a percentage of kills in entire the game.
 B = Kills by you in this place as a percentage of kills by you in the entire game.
 C = Kills by friends in this place as a percentage of kills by friends in the entire game.
 D = Other kills in this place as a percentage of other kills in the entire game.
 E = Experience gained in this place as a percentage of experience gained in the entire game.
 F = Experience gained in this place divided by the number of levels of this place that you have seen.
                   A       B       C       D       E      F
               +-------+-------+-------+-------+-------+----------------------
         Total | 100.0 | 100.0 | 100.0 |   N/A | 100.0 |  16.7
       Dungeon | 100.0 | 100.0 | 100.0 |   N/A | 100.0 |  16.7
               +-------+-------+-------+-------+-------+----------------------

Table legend: (Time is in decaauts)
 A = Elapsed time spent in this place.
 B = Non-inter-level travel time spent in this place.
 C = Inter-level travel time spent in this place.
 D = Time resting spent in this place.
 E = Time spent auto-exploring this place.
 F = Levels seen in this place.
 G = Mean time per level.
                   A        B        C        D        E       F      G
               +--------+--------+--------+--------+--------+-----+--------+
         Total |   1204 |   1183 |     21 |    256 |    746 |   3 |  401.3 |
       Dungeon |   1204 |   1183 |     21 |    256 |    746 |   3 |  401.3 |
               +--------+--------+--------+--------+--------+-----+--------+

Top non-repeatable levels by time:
     D:1: 1154 daAuts
     D:4: 32 daAuts
     D:2: 17 daAuts
